 Dungeon Crawl Stone Soup version 0.22-a0-231-g1b571ea (webtiles) character file.

5 wolfsongas the Magician (level 1, -1/13 HPs)
             Began as a Gnoll Wanderer on Feb 21, 2018.
             Slain by a leopard gecko (4 damage)
             ... on level 1 of the Dungeon.
             The game lasted 00:00:43 (262 turns).

wolfsongas the Magician (Gnoll Wanderer)             Turns: 262, Time: 00:00:44

Health: -1/13      AC:  2    Str: 13    XL:     1   Next: 80%
Magic:  8/8        EV: 11    Int: 14    God:
Gold:   19         SH:  0    Dex: 15    Spells: 13/14 levels left

rFire    . . .     SeeInvis .   e - +0 dagger
rCold    . . .     Gourm    .   (no shield)
rNeg     . . .     Faith    .   d - +0 robe
rPois    .         Spirit   .   (no helmet)
rElec    .         Reflect  .   (no cloak)
rCorr    .         Harm     .   (no gloves)
MR       .....                  (no boots)
Stlth    ++........             (no amulet)
HPRegen  0.04/turn              (no ring)
MPRegen  0.11/turn              (no ring)

@: no status effects
A: distributed training, fangs 1, strong nose
a: no special abilities


You were on level 1 of the Dungeon.
You were not hungry.

You visited 1 branch of the dungeon, and saw 1 of its levels.

You collected 19 gold pieces.

Inventory:

Hand Weapons
 e - a +0 dagger (weapon)
Armour
 d - a +0 robe (worn)
Scrolls
 c - a scroll of teleportation
Potions
 f - a potion of curing {unknown}
Comestibles
 a - a ration
 b - 5 chunks of flesh


   Skills:
 + Level 0.1 Fighting
 + Level 0.1 Short Blades
 + Level 0.1 Long Blades
 + Level 0.1 Axes
 + Level 0.1 Maces & Flails
 + Level 0.1 Polearms
 + Level 0.1 Staves
 + Level 0.1 Slings
 + Level 0.1 Bows
 + Level 0.1 Crossbows
 + Level 2.4 Throwing
 + Level 0.1 Armour
 + Level 0.1 Dodging
 + Level 2.2 Stealth
 + Level 0.1 Shields
 + Level 0.1 Unarmed Combat
 + Level 7.0 Spellcasting
 + Level 2.0 Conjurations
 + Level 0.1 Hexes
 + Level 2.0 Charms
 + Level 0.1 Summonings
 + Level 3.6 Necromancy
 + Level 0.1 Translocations
 + Level 0.1 Transmutations
 + Level 2.0 Fire Magic
 + Level 0.1 Ice Magic
 + Level 0.1 Air Magic
 + Level 0.1 Earth Magic
 + Level 0.1 Poison Magic
 + Level 0.2 Invocations
 + Level 0.1 Evocations


You had 13 spell levels left.
You knew the following spells:

 Your Spells              Type           Power        Failure   Level  Hunger
a - Animate Skeleton      Necr           N/A          3%          1    None


Dungeon Overview and Level Annotations

Branches:
Dungeon (1/15)

Altars:


Innate Abilities, Weirdness & Mutations

Your experience applies equally to all skills.
You have very sharp teeth.
Your uncanny sense of smell can sniff out nearby items.


Message History

The leopard gecko misses you.
You closely miss the leopard gecko.
The leopard gecko is moderately wounded.
The leopard gecko barely misses you.
Your goblin skeleton closely misses the leopard gecko.
You hit the leopard gecko but do no damage.
The leopard gecko is moderately wounded.
The leopard gecko closely misses you.
You hit the leopard gecko.
The leopard gecko is heavily wounded.
Your goblin skeleton barely misses the leopard gecko.
The leopard gecko barely misses you.
You miss the leopard gecko.
The leopard gecko is heavily wounded.
The leopard gecko barely misses you.
Your goblin skeleton barely misses the leopard gecko.
You barely miss the leopard gecko.
The leopard gecko is heavily wounded.
The leopard gecko bites you.
You die...

######### ...
#........ .....
#.......? #...
#........ ####...
###........ ......
#.#........ ...#
#.#Z†...... #.##
#.@l......#
#..###(#######.#
## #...##.###....
.##
#...##....#.####
..## ..
#..>'...........
...# ..
#...##.##.#.....
#..## #.
#...##..........
#...#
#.##...###....#...
##..#
#...........(.# .


You could see a leopard gecko and a friendly goblin skeleton.

Vanquished Creatures
  2 goblins (D:1)
  A hobgoblin (D:1)
  A ball python (D:1)
  A frilled lizard (D:1)
5 creatures vanquished.

Notes
Turn   | Place    | Note
-------+----------+-------------------------------------------
     0 | D:1      | wolfsongas the Gnoll Wanderer began the quest for the Orb.
     0 | D:1      | wolfsongas set off with: a ration, a scroll of teleportation, a +0 robe, a +0 dagger
     0 | D:1      | Reached XP level 1. HP: 13/13 MP: 8/8
   202 | D:1      | Learned a level 1 spell: Animate Skeleton
   262 | D:1      | Slain by a leopard gecko

Vault maps used:
D:1:      dpeg_arrival_concentric_ovals

Skill      XL: |  1 |
---------------+----+-----
Conjurations   | 2 |  2.0
Charms         | 2 |  2.0
Fire Magic     | 2 |  2.0
Fighting       | |  0.1
Short Blades   | |  0.1
Long Blades    | |  0.1
Axes           | |  0.1
Maces & Flails | |  0.1
Polearms       | |  0.1
Staves         | |  0.1
Slings         | |  0.1
Bows           | |  0.1
Crossbows      | |  0.1
Throwing       | |  2.4
Armour         | |  0.1
Dodging        | |  0.1
Stealth        | |  2.2
Shields        | |  0.1
Unarmed Combat | |  0.1
Spellcasting   | |  7.0
Hexes          | |  0.1
Summonings     | |  0.1
Necromancy     | |  3.6
Translocations | |  0.1
Transmutations | |  0.1
Ice Magic      | |  0.1
Air Magic      | |  0.1
Earth Magic    | |  0.1
Poison Magic   | |  0.1
Invocations    | |  0.2
Evocations     | |  0.1

Action                   || total
-------------------------++-------
Melee: Dagger            ||    24
       Bite              ||     2
 Cast: Animate Skeleton  ||     2
 Stab: Sleeping          ||     3
Dodge: Dodged            ||    17

Table legend:
 A = Spawn XP
 B = Non-spawn XP
 C = Spawn XP percentage of total XP
 D = Spawn monster count
 E = Non-spawn monster count
 F = Spawn count percentage of total count
 G = Total turns spent on level
                    A         B        C        D         E        F      G
               +---------+---------+-------+---------+---------+-------+---------
         Total |       0 |       8 |   0.0 |       0 |       5 |   0.0 |   262
               +---------+---------+-------+---------+---------+-------+---------
           D:1 |       0 |       8 |   0.0 |       0 |       5 |   0.0 |   262
               +---------+---------+-------+---------+---------+-------+---------
